 Dungeon Sprint DCSS version 0.29.1-15-g9cfb28693d (webtiles) character file.

Game seed: 13251000924496070960

210 Groucho the Covert (level 5, -2/24 HPs)
             Began as a Spriggan Enchanter on Feb 25, 2023.
             Was a Priest of Vehumet.
             Killed from afar by an orc wizard (8 damage)
             ... with a puff of flame
             ... in the Dungeon (Sprint VII: "The Pits").
             The game lasted 00:03:45 (896 turns).

Groucho the Covert (Spriggan Enchanter)              Turns: 896, Time: 00:03:47

Health: -2/24      AC:  2    Str:  6    XL:     5   Next: 56%
Magic:  13/14      EV: 17    Int: 17    God:    Vehumet [***...]
Gold:   0          SH:  0    Dex: 15    Spells: 6/16 levels left

rFire   . . .      SeeInvis +   a - +2 dagger
rCold   . . .      Faith    .   (no shield)
rNeg    . . .      Spirit   .   b - +0 robe
rPois   .          Reflect  .   (helmet restricted)
rElec   .          Harm     .   (no cloak)
rCorr   .          Rampage  .   (gloves unavailable)
Will    .....      NoTele   +   (boots unavailable)
Stlth   +++++.....              (no amulet)
HPRegen 0.08/turn               (no ring)
MPRegen 0.14/turn               (no ring)

@: very quick
A: very small, no large weapons, unfitting armour, see invisible, speed 3
a: Renounce Religion


You were in the Dungeon.
You worshipped Vehumet.
Vehumet was most pleased with you.
You visited 1 branch

Inventory:

Hand Weapons
 a - a +2 dagger (weapon)
Missiles
 l - 10 stones (quivered)
Armour
 b - a +0 robe (worn)
Scrolls
 i - a scroll of blinking
 j - 5 scrolls of amnesia
 k - a scroll of summoning
Potions
 c - 3 potions of invisibility
 d - 6 potions of curing
 e - 5 potions of heal wounds
 f - a potion of haste
 g - 4 potions of magic
 h - 3 potions of berserk rage


   Skills:
 + Level 4.9 Short Blades
 - Level 2.6 Dodging
 * Level 10.8 Stealth
 + Level 6.0 Spellcasting
 * Level 4.1 Conjurations
 + Level 6.5 Hexes


You had 6 spell levels left.
You knew the following spells:

 Your Spells              Type           Power      Damage    Failure   Level
a - Ensorcelled Hibernat  Hex/Ice        32%        N/A       4%          2
b - Confusing Touch       Hex            27%        N/A       2%          3
c - Dazzling Flash        Conj/Hex       46%        N/A       1%          3
d - Searing Ray           Conj           38%        2d5       1%          2

Your spell library contained the following spells:

 Spells                   Type           Power      Damage    Failure   Level
 Airstrike                Air            2%         2d(1-17)  30%         4
 Tukima's Dance           Hex            27%        N/A       2%          3


Dungeon Overview and Level Annotations

Branches:
Dungeon (1/1)

Altars:
Ashenzari
Cheibriados
Dithmenos
Elyvilon
Fedhas
Gozag
Hepliaklqana
Kikubaaqudgha
Makhleb
Nemelex Xobeh
Okawaru
Qazlal
Ru
Sif Muna
Trog
Uskayaw
Vehumet
Wu Jian
Xom
Yredelemnul
Zin
The Shining One
Jiyva
Lugonu

Annotations:
D Crazy Yiuf


Innate Abilities, Weirdness & Mutations

You are very small and have problems with some larger weapons.
You are too small for most types of armour.
You have supernaturally acute eyesight. (SInv)
You cover ground extremely quickly. (Speed+++)


Message History

Things that are here:
a +0 halberd; a +0 robe Unknown command.
Casting: Ensorcelled Hibernation (safe; 6% risk of failure)
Confirm with . or Enter, or press ? or * to list all spells.
Okay, then.
There is an open door here.
Things that are here:
a +0 war axe; a +0 robe
Casting: Ensorcelled Hibernation (safe; 6% risk of failure)
Confirm with . or Enter, or press ? or * to list all spells.
The spell is quite dangerous to miscast (3% risk of failure)!
Continue anyway?
Your hands begin to glow red.
You hit the wight but do no damage.
The wight appears confused.
You punch the wight, but do no damage. The wight misses you.
You completely miss the wight.
You catch the helpless wight completely off-guard!
You puncture the wight!
The wight is almost destroyed.
The wight misses you.
You hit the wight.
The wight is almost destroyed.
The wight hits the orc wizard with a +2 hand axe of freezing!
The wight freezes the orc wizard.
The wight hits you with a +2 hand axe of freezing.
The wight freezes you.
The wight hits itself with a +2 hand axe of freezing!
The wight is destroyed!
Vehumet accepts your kill.
Vehumet offers you knowledge of Airstrike.
You feel your power returning.
Your Spellcasting skill increases to level 6!
Your Conjurations skill increases to level 4!
The orc priest calls down the wrath of Beogh upon you.
Beogh smites you!
Ouch! That really hurt!
* * * LOW HITPOINT WARNING * * *
The orc wizard casts a spell at you. The puff of flame hits you!
You die...

#_________.#
#_______...#######
##########'##.....
#.?..')))).##.....
##########.##.....
#........)).'.....
#'#####†#####.....
#.#..#..#[[##.....
#@#..'..#))#####'#
#.#..####))##.....
#.#..#..#))##.....
#.#..#..#..##.....
#.##)#..#'###...<.
#o#........##.....
#)#........##.....
#o###########.....
#g..zo..# ######


You could see an orc priest and an orc wizard.

Vanquished Creatures
  3 wights (D)
  An iron imp (D)
  A gnoll (D)
  A river rat (D)
  An orc (D)
  A ball python (D)
  An endoplasm (D)
  A goblin (D)
  A ball python zombie (D)
  A bat (D)
  A frilled lizard (D)
  A rat (D)
14 creatures vanquished.

Notes
Turn   | Place    | Note
-------+----------+-------------------------------------------
     0 | D        | Groucho the Spriggan Enchanter began the quest for the Orb.
     0 | D        | Reached XP level 1. HP: 9/9 MP: 5/5
    13 | D        | Reached skill level 6 in Stealth
    13 | D        | Reached XP level 2. HP: 13/13 MP: 5/7
    16 | D        | Learned a level 2 spell: Ensorcelled Hibernation
    42 | D        | Found a glowing golden altar of the Shining One.
    42 | D        | Found a glowing silver altar of Zin.
    42 | D        | Found a basalt altar of Yredelemnul.
    42 | D        | Found a shimmering altar of Xom.
    42 | D        | Found an ornate altar of the Wu Jian Council.
    42 | D        | Found a bloodstained altar of Trog.
    42 | D        | Found a shimmering blue altar of Sif Muna.
    42 | D        | Found a sacrificial altar of Ru.
    42 | D        | Found a stormy altar of Qazlal.
    42 | D        | Found an iron altar of Okawaru.
    42 | D        | Found a sparkling altar of Nemelex Xobeh.
    42 | D        | Found a burning altar of Makhleb.
    42 | D        | Found a viscous altar of Jiyva.
    42 | D        | Found a hazy altar of Hepliaklqana.
    42 | D        | Found an opulent altar of Gozag.
    42 | D        | Found a blossoming altar of Fedhas.
    42 | D        | Found a white marble altar of Elyvilon.
    42 | D        | Found a shadowy altar of Dithmenos.
    42 | D        | Found a snail-covered altar of Cheibriados.
    43 | D        | Found a radiant altar of Vehumet.
    43 | D        | Found a corrupted altar of Lugonu.
    44 | D        | Found a hide-covered altar of Uskayaw.
    44 | D        | Found an ancient bone altar of Kikubaaqudgha.
    44 | D        | Found a broken altar of Ashenzari.
    51 | D        | Became a worshipper of Vehumet
   335 | D        | Reached * piety under Vehumet
   335 | D        | Offered knowledge of Foxfire by Vehumet.
   344 | D        | Reached skill level 1 in Conjurations
   403 | D        | Reached ** piety under Vehumet
   415 | D        | Reached skill level 7 in Stealth
   498 | D        | Reached skill level 5 in Hexes
   498 | D        | Reached XP level 3. HP: 9/16 MP: 7/9
   516 | D        | Learned a level 3 spell: Confusing Touch
   520 | D        | Learned a level 3 spell: Dazzling Flash
   564 | D        | Noticed a wight
   564 | D        | Noticed a wight
   567 | D        | Killed a wight
   567 | D        | Offered knowledge of Static Discharge by Vehumet.
   567 | D        | Reached *** piety under Vehumet
   568 | D        | Reached skill level 9 in Stealth
   568 | D        | Reached skill level 5 in Spellcasting
   568 | D        | Reached XP level 4. HP: 16/21 MP: 10/12
   583 | D        | Reached skill level 10 in Stealth
   583 | D        | Reached XP level 5. HP: 19/24 MP: 10/14
   843 | D        | Offered knowledge of Searing Ray by Vehumet.
   847 | D        | Learned a level 2 spell: Searing Ray
   877 | D        | Noticed Crazy Yiuf
   891 | D        | Offered knowledge of Airstrike by Vehumet.
   896 | D        | Killed from afar by an orc wizard

Illustrated notes

Levels and vault maps discovered:
D:        pitsprint [storerooms_1, entrance_room_1, metal_vault_1, armoury_1,
          mini_pit_1, grid_room_1, main_hall_1, silver_pit, the_coven_3,
          the_vestibule_1, steel_vault_4, golden_pit, hallway_of_sentries,
          crystal_vault_1, iron_vault_4, final_vault]

Skill      XL: |  1  2  3  4  5 |
---------------+----------------+-----
Short Blades   | 2 3 4 |  4.9
Stealth        | 6 7 9 10 | 10.8
Spellcasting   | 3 4 5 6 |  6.0
Hexes          | 4 5 6 |  6.5
Conjurations   | 2 3 4 |  4.1
Dodging        | |  2.6

Action                   |  1- 3 |  4- 6 || total
-------------------------+-------+-------++-------
Melee: Dagger            |    24 |     8 ||    32
       Punch             |       |     1 ||     1
 Cast: Ensorcelled Hiber |     8 |     3 ||    11
       Confusing Touch   |       |     2 ||     2
  Use: Potion            |     2 |       ||     2
 Stab: Sleeping          |     8 |     1 ||     9
       Invisible         |     2 |       ||     2
       Confused          |       |     2 ||     2
Armor: Robe              |     2 |       ||     2
Dodge: Dodged            |    12 |     4 ||    16
